 Dungeon Crawl Stone Soup version 0.19-a0-1071-g4ed3155 (webtiles) character file.

1220 Marenglen the Contemplative (level 8, -1/58 HPs)
             Began as a Human Wizard on Aug 5, 2016.
             Was a Priest of Cheibriados.
             Slain by an orc warrior
             ... wielding a cursed -2 scimitar
              (14 damage)
             ... on level 5 of the Dungeon.
             The game lasted 00:20:20 (7989 turns).

Marenglen the Contemplative (Human Wizard)          Turns: 7989, Time: 00:20:21

Health: -1/58      AC:  6    Str: 13    XL:     8   Next: 75%
Magic:  13/13      EV: 14    Int: 26    God:    Cheibriados [***...]
Gold:   162        SH:  0    Dex: 19    Spells: 5 memorised, 3 levels left

rFire  . . .     SeeInvis .     q - +2 flail (venom)
rCold  . . .     Gourm    .     a - +0 robe
rNeg   . . .     Faith    .     (no shield)
rPois  +         Spirit   .     e - +0 helmet
rElec  .         Dismiss  .     m - +1 cloak {MR+}
rCorr  .         Reflect  .     r - +0 pair of gloves
SustAt .         Harm     .     (no boots)
MR     +....                    (no amulet)
Stlth  ++........               (no ring)
                                (no ring)

@: about to teleport, very slow
A: poison resistance
a: Bend Time, Temporal Distortion, Renounce Religion


You were on level 5 of the Dungeon.
You worshipped Cheibriados.
Cheibriados was most pleased with you.
You were not hungry.

You visited 1 branch of the dungeon, and saw 6 of its levels.

You collected 162 gold pieces.

Inventory:

Hand Weapons
 q - a +2 flail of venom (weapon)
Missiles
 g - 6 poisoned javelins (quivered)
Armour
 a - a +0 robe (worn)
 b - a +0 hat
 e - a +0 helmet (worn)
 h - a +0 buckler
 m - a +1 cloak of magic resistance (worn)
 r - a +0 pair of gloves (worn)
Scrolls
 f - a scroll of teleportation
 i - a scroll of enchant weapon
 j - a scroll of remove curse
 k - a scroll of magic mapping
 s - a scroll of fear {unknown}
Potions
 n - a potion of cure mutation
 u - a potion of might
Books
 c - a book of Minor Magic

   Spells                             Type                      Level
   a - Magic Dart                     Conjuration                  1
   b - Blink                          Translocation                2
   c - Call Imp                       Summoning                    2
   d - Repel Missiles                 Charms/Air                   2
   e - Slow                           Hexes                        2
   f - Conjure Flame                  Conjuration/Fire             3
   g - Mephitic Cloud                 Conjuration/Poison/Air       3
 o - a book of Callings

   Spells                             Type                      Level
   a - Summon Small Mammal            Summoning                    1
   b - Call Imp                       Summoning                    2
   c - Call Canine Familiar           Summoning                    3
   d - Summon Guardian Golem          Hexes/Summoning              3
   e - Summon Lightning Spire         Summoning/Air                4
   f - Summon Ice Beast               Ice/Summoning                4
Comestibles
 d - 3 bread rations
 l - 2 meat rations
 t - a beef jerky
 w - 3 chunks of flesh


   Skills:
 - Level 3.2 Fighting
   Level 2.4 Short Blades
 - Level 3.9 Maces & Flails
 - Level 3.0 Dodging
 - Level 2.0 Stealth
 + Level 3.5 Spellcasting
 - Level 3.4 Conjurations
 + Level 4.1 Summonings
 - Level 1.5 Translocations
 - Level 4.4 Invocations


You had 3 spell levels left.
You knew the following spells:

 Your Spells              Type           Power        Failure   Level  Hunger
a - Magic Dart            Conj           ###.         2%          1    None
b - Blink                 Tloc           N/A          10%         2    #......
c - Call Imp              Summ           ####....     2%          2    #......
d - Conjure Flame         Conj/Fire      ##......     14%         3    ##.....
e - Mephitic Cloud        Conj/Pois/Air  ##......     17%         3    ##.....


Dungeon Overview and Level Annotations

Branches:
Dungeon (6/15)             Temple (0/1) D:4

Altars:
Cheibriados
Fedhas
Nemelex Xobeh
Pakellas
Ru
Sif Muna
Trog
Vehumet

Annotations:
D:6 mistymad's ghost, novice DEWz


Innate Abilities, Weirdness & Mutations

Your system is resistant to poisons. (rPois)


Message History

Unknown command.
Unknown command.
Unknown command.
Unknown command.
The orc warrior hits you with a scimitar.
The orc warrior hits you with a scimitar!!
* * * LOW HITPOINT WARNING * * *
Casting: Call Imp
Confirm with . or Enter, or press ? or * to list all spells.
Okay, then.
Okay, then.
As you read the scroll of teleportation, it crumbles to dust.
You feel strangely unstable.
It was a potion of magic.
Magic courses through your body. The orc warrior barely misses you.
It was a potion of beneficial mutation.
You feel resistant to poisons.
You feel fantastic!
The orc warrior hits you with a scimitar!
You die...

#..... ######
#.##..
####....######.##..
#..................
#..#.#.#.#####.####
#..#.#.#.# #.....#
#...>....# #.....#
#(o##..#.# #.....#
#.@....#.# #.....#
##.......# #.....#
#.##.##.# #######
#.##.##.# #.......#
####.#### #.....#
#.###.# #.# #.#
####


You could see an orc warrior.

Vanquished Creatures
  An ice beast (D:5)
  An ogre (D:4)
  A centaur (D:5)
  A giant frog (D:5)
  A scorpion (D:5)
  A crimson imp (D:5)
  A hound (D:5)
  2 orc priests
  An iguana (D:5)
  3 orc wizards
  2 worker ants
  A hound zombie (D:5)
  3 adders
  4 oozes
  2 worms
  5 dart slugs
  5 giant geckos
  13 orcs
  A giant cockroach (D:5)
  5 goblins
  9 hobgoblins
  4 jackals (D:1)
  A quokka (D:2)
  7 bats
  A giant gecko skeleton (D:5)
  6 giant newts
  7 kobolds
  9 rats
98 creatures vanquished.

Vanquished Creatures (collateral kills)
  The ghost of Marenglen the Conjurer, a novice HuWz (D:4)
  A necrophage (D:5)
  A howler monkey (D:5)
  An orc wizard (D:3)
  A centaur zombie (D:5)
  5 orc priests
  A giant frog skeleton (D:4)
  3 worker ants
  5 adders
  2 oozes (D:2)
  A worm (D:2)
  2 giant geckos
  10 orcs
  A bat (D:2)
  A goblin (D:3)
  4 jackals (D:3)
  A giant gecko zombie (D:5)
  2 giant newts (D:3)
  A rat (D:3)
44 creatures vanquished.

Grand Total: 142 creatures vanquished

Notes
Turn   | Place    | Note
-------+----------+-------------------------------------------
     0 | D:1      | Marenglen the Human Wizard began the quest for the Orb.
     0 | D:1      | Reached XP level 1. HP: 13/13 MP: 4/4
   363 | D:1      | Reached XP level 2. HP: 12/19 MP: 0/6
  1030 | D:1      | Reached XP level 3. HP: 9/24 MP: 0/7
  1034 | D:1      | Learned a level 2 spell: Blink
  1037 | D:1      | Learned a level 2 spell: Call Imp
  2183 | D:2      | Reached XP level 4. HP: 13/30 MP: 1/8
  3054 | D:2      | Reached skill level 1 in Fighting
  3505 | D:2      | Reached XP level 5. HP: 37/37 MP: 5/9
  3546 | D:2      | Found a sparkling altar of Nemelex Xobeh.
  3549 | D:2      | Found a radiant altar of Vehumet.
  3553 | D:2      | Found a sacrificial altar of Ru.
  3553 | D:2      | Found an oddly glowing altar of Pakellas.
  3553 | D:2      | Found a bloodstained altar of Trog.
  3554 | D:2      | Found a blossoming altar of Fedhas.
  3557 | D:2      | Found a snail-covered altar of Cheibriados.
  3563 | D:2      | Became a worshipper of Cheibriados the Contemplative
  4002 | D:3      | Found a faded altar of an unknown god.
  4141 | D:3      | Found an oddly glowing altar of Pakellas.
  4306 | D:3      | Reached * piety under Cheibriados
  5005 | D:3      | Reached XP level 6. HP: 17/46 MP: 6/10
  5290 | D:3      | Reached skill level 1 in Invocations
  5558 | D:3      | Learned a level 3 spell: Conjure Flame
  5562 | D:3      | Learned a level 3 spell: Mephitic Cloud
  6045 | D:4      | Noticed Marenglen's ghost (novice HuWz)
  6057 | D:4      | Killed Marenglen's ghost
  6057 | D:4      | Reached skill level 1 in Short Blades
  6057 | D:4      | Reached XP level 7. HP: 35/52 MP: 5/11
  6604 | D:4      | Reached ** piety under Cheibriados
  6611 | D:4      | Found a staircase to the Ecumenical Temple.
  6611 | D:4      | Reached skill level 1 in Maces & Flails
  6935 | D:4      | Found a deep blue altar of Sif Muna.
  7018 | D:5      | Entered Level 5 of the Dungeon
  7297 | D:5      | Reached XP level 8. HP: 54/58 MP: 7/12
  7529 | D:6      | Noticed mistymad's ghost (novice DEWz)
  7981 | D:6      | Reached *** piety under Cheibriados
  7989 | D:5      | Gained mutation: Your system is resistant to poisons. (rPois) [potion of beneficial mutation]
  7989 | D:5      | Slain by an orc warrior

Vault maps used:
D:1:      dpeg_arrival_pond, kennysheep_decorative_pillar
D:2:      minitemple
D:3:      first_bread, ecumenical_altar_2, grunt_pakellas_basics
D:4:      kennysheep_mini

Skill      XL: |  1  2  3  4  5  6  7  8 |
---------------+-------------------------+-----
Conjurations   | 2 3 |  3.4
Summonings     | 2 4 |  4.1
Fighting       | 1 2 3 |  3.2
Dodging        | 3 |  3.0
Invocations    | 3 4 |  4.4
Short Blades   | 1 2 |  2.4
Maces & Flails | 2 3 |  3.9
Stealth        | |  2.0
Spellcasting   | |  3.5
Translocations | |  1.5

Action                   |  1- 3 |  4- 6 |  7- 9 || total
-------------------------+-------+-------+-------++-------
Melee: Dagger            |   182 |   310 |    32 ||   524
       Unarmed           |     5 |       |       ||     5
       Flail             |       |       |    95 ||    95
Throw: Javelin           |       |       |     1 ||     1
 Cast: Magic Dart        |    61 |    43 |    13 ||   117
       Call Imp          |     1 |    39 |    41 ||    81
       Mephitic Cloud    |       |     2 |     4 ||     6
Invok: Bend Time         |       |     2 |     2 ||     4
  Use: Potion            |     1 |     1 |     4 ||     6
       Scroll            |       |     5 |     7 ||    12
 Stab: Sleeping          |       |     5 |     2 ||     7
       Distracted        |       |     1 |     2 ||     3
       Confused          |       |       |     2 ||     2
  Eat: Chunk             |     4 |     9 |     3 ||    16
       Bread ration      |       |     1 |       ||     1
Armor: Robe              |    36 |    84 |    44 ||   164
Dodge: Dodged            |   135 |   210 |   107 ||   452
